 Dungeon Crawl Stone Soup version 0.28-a0-1594-ga885d4b3d6 (webtiles) character file.

Game seed: 17844857711614694231

518 fragbeetle the Slasher (level 7, -1/55 HPs)
             Began as a Palentonga Abyssal Knight on Jan 20, 2022.
             Was a Priest of Lugonu.
             Slain by a kobold brigand (5 damage)
             ... on level 5 of the Dungeon.
             The game lasted 00:08:50 (4771 turns).

fragbeetle the Slasher (Palentonga Abyssal Knight)  Turns: 4771, Time: 00:08:50

Health: -1/55      AC: 14    Str: 19    XL:     7   Next: 1%
Magic:  10/10      EV:  8    Int: 10    God:    Lugonu [***...]
Gold:   164        SH:  0    Dex: 10    Spells: 3/6 levels left

rFire   . . .      SeeInvis +   a - +1 falchion
rCold   + . .      Faith    .   (no shield)
rNeg    . . .      Spirit   .   s - +0 ring mail {rC+}
rPois   +          Reflect  .   b - +0 helmet
rElec   .          Harm     .   p - +0 cloak
rCorr   .          Rampage  .   (no gloves)
Will    .....                   (no barding)
Stlth   ..........              (no amulet)
HPRegen 0.18/turn               u - ring of poison resistance
MPRegen 0.12/turn               (no ring)

@: curled up
A: large, rugged brown scales 3, see invisible, deformed body, roll 1, armoured
tail, reflexive curl
a: Rolling Charge, Renounce Religion, Depart the Abyss, Bend Space, Banish


You were on level 5 of the Dungeon.
You worshipped Lugonu.
Lugonu was most pleased with you.
You visited 2 branches of the dungeon, and saw 6 of its levels.
You visited the Abyss 1 time.

You collected 164 gold pieces.

Inventory:

Hand Weapons
 a - a +1 falchion (weapon)
Missiles
 f - 65 stones
 j - 6 poisoned darts
 k - 32 arrows
 r - 2 boomerangs of dispersal
Armour
 b - a +0 helmet (worn)
 p - a +0 cloak (worn)
 s - a +0 ring mail of cold resistance (worn)
Jewellery
 u - a ring of poison resistance (left hand)
 v - an amulet of faith
Scrolls
 d - a scroll of brand weapon {unknown}
 e - 3 scrolls of identify {unknown}
 h - a scroll of blinking {unknown}
 m - a scroll of fear {unknown}
 q - a scroll of enchant armour {unknown}
 t - a scroll of magic mapping {unknown}
Potions
 c - 2 potions of curing {unknown}
 g - a potion of brilliance {unknown}
 i - a potion of might {unknown}
 l - a potion of berserk rage {unknown}
 n - 2 potions of flight {unknown}
 o - a potion of mutation {unknown}
 w - a potion of haste {unknown}


   Skills:
 - Level 3.0 Fighting
 * Level 5.7 Long Blades
 - Level 1.5 Armour
 - Level 0.7 Dodging
 + Level 1.7 Conjurations
 + Level 2.0 Hexes
 + Level 4.5 Invocations


You had 3 spell levels left.
You knew the following spells:

 Your Spells              Type           Power      Damage    Failure   Level
a - Dazzling Flash        Conj/Hex       6%         N/A       67%         3

Your spell library contained the following spells:

 Spells                   Type           Power      Damage    Failure   Level
 Iskenderun's Mystic Bla  Conj/Tloc      1%         2d3       99%         4
 Starburst                Conj/Fire      0%         6d3       100%        6


Dungeon Overview and Level Annotations

Branches:
Dungeon (5/15)             Temple (1/1) D:4

Altars:
Ashenzari
Hepliaklqana
Kikubaaqudgha
Nemelex Xobeh
Ru
Sif Muna
Yredelemnul
Zin
Lugonu

Shops:
D:1 (


Innate Abilities, Weirdness & Mutations

You are completely covered in rugged brown scales. (AC +3, +7% HP)
You have supernaturally acute eyesight. (SInv)
Armour fits poorly on your strangely shaped body.
You can roll at nearby foes to attack.
You have a long armoured tail.
You curl defensively after being hit. (AC +7*)


Message History

The kobold brigand hits you with a +0 short sword of flaming.
The kobold brigand burns you.
You miss the kobold brigand.
The kobold brigand is heavily wounded.
The kobold brigand misses you.
The kobold brigand hits you with a +0 short sword of flaming.
The kobold brigand burns you.
You hit the kobold brigand but do no damage.
The kobold brigand is heavily wounded.
The kobold brigand hits you with a +0 short sword!
The kobold brigand barely misses you.
You closely miss the kobold brigand. You tail-slap the kobold brigand.
The kobold brigand is heavily wounded.
The kobold brigand hits you with a +0 short sword.
The kobold brigand hits you but does no damage.
You closely miss the kobold brigand.
The kobold brigand is heavily wounded.
The kobold brigand hits you with a +0 short sword!
The kobold brigand closely misses you.
You closely miss the kobold brigand.
You tail-slap the kobold brigand, but do no damage.
The kobold brigand is heavily wounded.
The kobold brigand hits you with a +0 short sword.
The kobold brigand hits you with a +0 short sword of flaming.
The kobold brigand burns you.
You barely miss the kobold brigand. You tail-slap the kobold brigand.
The kobold brigand is heavily wounded.
The kobold brigand closely misses you.
The kobold brigand hits you but does no damage.
You hit the kobold brigand but do no damage.
The kobold brigand is heavily wounded.
The kobold brigand hits you with a +0 short sword!
* * * LOW HITPOINT WARNING * * *
The kobold brigand completely misses you.
You barely miss the kobold brigand. You tail-slap the kobold brigand!
The kobold brigand is almost dead.
The kobold brigand hits you with a +0 short sword.
* * * LOW HITPOINT WARNING * * *
The kobold brigand hits you with a +0 short sword of flaming.
You die... ... ...
KK#

#.###.#..K.. #.#.K......#
#.#.#....... #.#K#.......
#.#.######### #.#.#
###...###
#.#.###.......##
########@#.##...###...##
#.......KK..#..##[##...#
#.############....##...##
#.#..........######...##.
#.#.#######..........##..
#.#..<....#........###..#
#.#...#.#.##....####...##
#.#.#.....######........#
#.#.#####.......####...##


You could see 2 kobold brigands.

Vanquished Creatures
  4 scorpions
  A centaur skeleton (D:5)
  3 orc wizards
  A hound zombie (D:5)
  Robin (D:3)
  A gnoll (D:1)
  5 adders (D:4)
  2 worms (D:2)
  14 orcs
  5 ball pythons
  6 endoplasms
  2 giant cockroaches (D:1)
  12 goblins
  7 hobgoblins
  6 jackals (D:3)
  7 kobolds
  A quokka (D:2)
  3 bats
  7 frilled lizards
  6 rats
94 creatures vanquished.

Vanquished Creatures (others)
  A demonic plant (D:1)
1 creature vanquished.

Grand Total: 95 creatures vanquished

Notes
Turn   | Place    | Note
-------+----------+-------------------------------------------
     0 | Abyss:1  | fragbeetle the Palentonga Abyssal Knight began the quest
                  | for the Orb.
     0 | Abyss:1  | Reached XP level 1. HP: 19/19 MP: 2/2
    29 | D:1      | Escaped the Abyss
   160 | D:1      | Found a faded altar of an unknown god.
   282 | D:1      | Reached XP level 2. HP: 16/25 MP: 3/3
   680 | D:1      | Found Mikeokhly's Antique Weapon Boutique.
   782 | D:1      | Reached skill level 3 in Long Blades
  1127 | D:2      | Reached XP level 3. HP: 27/31 MP: 4/4
  1134 | D:2      | Reached ** piety under Lugonu
  1698 | D:2      | Reached XP level 4. HP: 37/37 MP: 6/6
  2008 | D:2      | Identified the +3 hand axe of a treasure trove {freeze,
                  | rElec Str-4 Int+4 Dex-3}
  2390 | D:3      | Reached skill level 4 in Long Blades
  2496 | D:3      | Noticed Robin
  2523 | D:3      | Killed Robin
  2763 | D:3      | Reached XP level 5. HP: 33/43 MP: 7/7
  3038 | D:3      | Reached *** piety under Lugonu
  3040 | D:3      | Found a broken altar of Ashenzari.
  3409 | D:4      | Found a hazy altar of Hepliaklqana.
  3427 | D:4      | Found a staircase to the Ecumenical Temple.
  3473 | D:4      | Learned a level 3 spell: Dazzling Flash
  3476 | Temple   | Entered the Ecumenical Temple
  3623 | D:4      | Reached skill level 5 in Long Blades
  3681 | D:4      | Reached skill level 1 in Hexes
  3688 | D:4      | Reached XP level 6. HP: 37/50 MP: 7/9
  3741 | D:4      | Reached skill level 1 in Conjurations
  4105 | D:5      | Entered Level 5 of the Dungeon
  4365 | D:5      | Gained mutation: You curl defensively after being hit. (AC
                  | +7*) [Palentonga growth]
  4365 | D:5      | Reached XP level 7. HP: 13/55 MP: 10/10
  4745 | D:5      | Noticed a kobold demonologist
  4771 | D:5      | Slain by a kobold brigand

Illustrated notes

Levels and vault maps discovered:
D:1:      saegor_arrival_simple_a, layout_loops_cross, serial_shops,
          nicolae_shop_statue_plus, shapermc_ecumenical_altar_gd
D:2:      layout_loops_ring, kennysheep_generic_room_7
D:3:      layout_loops_cross, mainiacjoe_overflow_chevrons, uniq_robin
D:4:      layout_loops_ring, mainiacjoe_overflow_paths,
          minmay_temple_entry_glass
D:5:      layout_basic, lemuel_coloured_pillars_altar, minmay_puff
Temple:   corrupted_temple

Skill      XL: |  1  2  3  4  5  6 |
---------------+-------------------+-----
Long Blades    | 3 4 5 |  5.7
Invocations    | 3 4 |  4.5
Hexes          | 1 2 |  2.0
Conjurations   | 1 |  1.7
Fighting       | |  3.0
Armour         | |  1.5
Dodging        | |  0.7

Action                   |  1- 3 |  4- 6 |  7- 9 || total
-------------------------+-------+-------+-------++-------
Melee: Falchion          |    95 |   178 |    12 ||   285
       Tailslap          |     9 |    23 |     4 ||    36
Throw: Dart              |       |     4 |       ||     4
Invok: Bend Space        |       |     1 |       ||     1
 Abil: Rolling Charge    |     1 |     2 |       ||     3
Armor: Leather armour    |    15 |       |       ||    15
       Ring mail         |    18 |    90 |     4 ||   112
Dodge: Dodged            |    49 |    71 |     8 ||   128

Table legend: (Time is in decaauts)
 A = Elapsed time spent in this place.
 B = Non-inter-level travel time spent in this place.
 C = Inter-level travel time spent in this place.
 D = Time resting spent in this place.
 E = Time spent auto-exploring this place.
 F = Levels seen in this place.
 G = Mean time per level.
                   A        B        C        D        E       F      G
               +--------+--------+--------+--------+--------+-----+--------+
         Total |   4798 |   4759 |     39 |    798 |   2919 |   7 |  685.4 |
       Dungeon |   4724 |   4685 |     39 |    798 |   2895 |   5 |  944.8 |
        Temple |     45 |     45 |      0 |      0 |     24 |   1 |   45.0 |
         Abyss |     29 |     29 |      0 |      0 |      0 |   1 |   29.0 |
               +--------+--------+--------+--------+--------+-----+--------+

Top non-repeatable levels by time:
     D:2: 1341 daAuts
     D:1: 1078 daAuts
     D:3: 877 daAuts
     D:4: 759 daAuts
     D:5: 666 daAuts
  Temple: 45 daAuts
 Abyss:1: 29 daAuts
